 Dungeon Crawl Stone Soup version 0.28-a0-1213-g0243856f03 (webtiles) character file.

Game seed: 363771070246050750

7263 siradein the Geomancer (level 10, -9/69 HPs)
             Began as a Green Draconian Earth Elementalist on Dec 21, 2021.
             Killed from afar by a fire dragon (27 damage)
             ... with a blast of flame
             ... on level 9 of the Dungeon on Dec 22, 2021.
             The game lasted 00:27:08 (13217 turns).

siradein the Geomancer (DrEE)                      Turns: 13217, Time: 00:27:08

Health: -9/69      AC: 10    Str: 10    XL:     10   Next: 89%
Magic:  9/20       EV: 11    Int: 21    God:
Gold:   146        SH:  7    Dex: 11    Spells: 1/23 levels left

rFire   . . .      SeeInvis +   m - +1 spear (venom)
rCold   . . .      Faith    .   L - +0 kite shield
rNeg    . . .      Spirit   .   (armour unavailable)
rPois   +          Reflect  .   y - +2 hat {Stlth+}
rElec   .          Harm     .   q - +0 cloak {Will+}
rCorr   .          Rampage  .   (no gloves)
Will    +....                   (no boots)
Stlth   +++.......              n - amulet of regeneration
HPRegen 1.01/turn               t - ring of flight
MPRegen 0.17/turn               x - ring of see invisible

@: about to teleport, short of breath, flying
A: breathe noxious fumes, AC +7, unfitting armour, poison resistance,
cold-blooded
a: Breathe Noxious Fumes


You were on level 9 of the Dungeon.
You visited 2 branches of the dungeon, and saw 10 of its levels.

You collected 507 gold pieces.
You spent 361 gold pieces at shops.

Inventory:

Hand Weapons
 m - a +1 spear of venom (weapon)
Missiles
 b - 189 stones
 r - 4 throwing nets
Armour
 q - a +0 cloak of willpower (worn)
 y - a +2 hat of stealth (worn)
 L - a +0 kite shield (worn)
Magical Staves
 N - a staff of air
Jewellery
 n - an amulet of regeneration (around neck)
 t - a ring of flight (left hand)
 x - a ring of see invisible (right hand)
Wands
 i - a wand of flame (26)
 u - a wand of paralysis (14)
 A - a wand of digging (4)
 B - a wand of iceblast (14)
 J - a wand of polymorph (4)
Scrolls
 d - 2 scrolls of fog {unknown}
 e - a scroll of amnesia {unknown}
 g - a scroll of enchant armour {unknown}
 h - 3 scrolls of blinking {unknown}
 j - 4 scrolls of teleportation
 k - a scroll of fear {unknown}
 o - 2 scrolls of vulnerability
 v - 2 scrolls of immolation {unknown}
 E - 2 scrolls of brand weapon {unknown}
 F - a scroll of noise {unknown}
 G - a scroll of silence {unknown}
 I - a scroll of holy word
 K - a scroll of magic mapping
Potions
 a - a potion of berserk rage {unknown}
 c - 3 potions of lignification
 f - 2 potions of flight
 l - a potion of brilliance {unknown}
 p - a potion of heal wounds {unknown}
 s - 6 potions of curing
 w - a potion of cancellation {unknown}
 z - 3 potions of might
 C - 2 potions of attraction {unknown}
 D - 2 potions of haste
 H - a potion of ambrosia {unknown}


   Skills:
 + Level 7.0 Dodging
 - Level 2.0 Stealth
 + Level 1.5 Shields
 + Level 7.1 Spellcasting
 + Level 7.1 Conjurations
 + Level 7.4 Transmutations
 + Level 1.6 Fire Magic
 + Level 8.0 Earth Magic
 + Level 2.0 Poison Magic


You had one spell level left.
You knew the following spells:

 Your Spells              Type           Power      Damage    Failure   Level
a - Sandblast             Erth           82%        2d17      1%          1
b - Passwall              Tmut/Erth      33%        N/A       3%          2
c - Stone Arrow           Conj/Erth      78%        3d11      7%          3
d - Petrify               Tmut/Erth      40%        N/A       21%         4
e - Shatter               Erth           20%        3d18*     100%        9
f - Ignite Poison         Fire/Tmut/Pois 23%        N/A       32%         3

Your spell library contained the following spells:

 Spells                   Type           Power      Damage    Failure   Level
 Beastly Appendage        Tmut           76%        N/A       2%          1
 Wereblood                Tmut           38%        N/A       3%          2
 Spider Form              Tmut/Pois      27%        N/A       22%         3
 Mephitic Cloud           Conj/Pois/Air  20%        N/A       38%         3
 Poisonous Vapours        Pois/Air       22%        N/A       45%         2
 Corpse Rot               Necr/Air       14%        N/A       58%         2
 Ensorcelled Hibernation  Hex/Ice        14%        N/A       58%         2
 Freezing Cloud           Conj/Ice/Air   8%         6-21      99%         5
 Malign Gateway           Summ/Tloc      3%         N/A       100%        7
 Summon Horrible Things   Summ           3%         N/A       100%        8
 Chain Lightning          Conj/Air       11%        3d14      100%        9
 Fire Storm               Conj/Fire      12%        8d3       100%        9


Dungeon Overview and Level Annotations

Branches:
Dungeon (9/15)             Temple (1/1) D:6            Lair (0/6) D:9
    Orc: D:9-12

Altars:
Ashenzari
Cheibriados
Dithmenos
Elyvilon
Gozag
Kikubaaqudgha
Makhleb
Nemelex Xobeh
Okawaru
Qazlal
Ru
Sif Muna
Trog
Uskayaw
Vehumet
Xom
Yredelemnul
Zin
The Shining One
Lugonu

Shops:
D:6 [[:[   D:8 :


Innate Abilities, Weirdness & Mutations

You can breathe blasts of noxious fumes.
Your lurid green scales are hard. (AC +7)
You cannot fit into any form of body armour.
Your system is resistant to poisons. (rPois)
You are cold-blooded and may be slowed by cold attacks.


Message History

As you read the scroll of identify, it crumbles to dust.
z - 3 potions of might
As you read the scroll of identify, it crumbles to dust.
K - a scroll of magic mapping
As you read the scroll of identify, it crumbles to dust.
I - a scroll of holy word
Things that are here:
a +0 robe; a +0 dagger
There is an open door here.
There is a stone staircase leading down here.
You fly downwards.
There is a stone staircase leading up here.
Aiming: Breathe Noxious Fumes (3% risk of failure)
Press: ? - help, Shift-Dir - straight line, f - fire dragon
Aim: a fire dragon (wandering, hasn't noticed you)
You exhale a blast of noxious fumes.
The blast of choking fumes hits the fire dragon but does no damage.
The fire dragon roars deafeningly!
Unknown command.
The stone arrow hits the fire dragon!
The fire dragon is lightly wounded.
The stone arrow misses the fire dragon.
The fire dragon bites you. The fire dragon claws you.
The fire dragon tramples you.
You hold your ground!
The stone arrow hits the fire dragon!
The fire dragon is lightly wounded.
You block the fire dragon's attack. The fire dragon claws you!
The fire dragon tramples you!
You hold your ground!
The stone arrow hits the fire dragon!!
The fire dragon is moderately wounded.
The fire dragon breathes flames at you. The blast of flame hits you!!
* * * LOW HITPOINT WARNING * * *
As you read the scroll of teleportation, it crumbles to dust.
You feel strangely unstable.
The fire dragon bites you but does no damage.
The fire dragon claws you but does no damage.
The fire dragon tramples you but does no damage.
The fire dragon breathes flames at you. The blast of flame hits you!!
You die...

##.........#
#. ###########
#. #########
##.
###....##.#
##..
#...##.##.##
##..#
#.####.##..#
##..## #.#
#.....##
##..## #.#
####)..##
##..## ##.#
##.@.# ##..##
#D.# ##..##
##..## #.##
#..D## ##..##
#.#
####...###..##
##.#
#.##.......##
#..#
#....####..#
##..##
#..#####...#
##....## ####
#....##
#......#
##.....##


You could see a fire dragon (catching breath).

Vanquished Creatures
  2 two-headed ogres
  Pikel (D:9)
  Maggie (D:6)
  Prince Ribbit (D:6)
  Grinder (D:6)
  A wraith (D:9)
  2 wyverns (D:9)
  A yak (D:9)
  A steam dragon (D:6)
  Edmund (D:6)
  5 orc warriors
  2 acid dragons (D:9)
  A sky beast (D:7)
  A black bear (D:7)
  2 ice beasts
  2 ogres (D:6)
  A necrophage (D:6)
  3 centaurs
  A lemure (D:9)
  A kobold brigand (D:8)
  2 phantoms
  2 bullfrogs
  A gnoll sergeant (D:5)
  A scorpion (D:5)
  2 water moccasin skeletons
  4 killer bees (D:8)
  5 wights (D:8)
  An electric eel (D:8)
  A howler monkey (D:9)
  8 centaur zombies
  2 bullfrog zombies
  4 hounds
  2 jellies
  7 orc priests
  2 centaur skeletons
  2 gnoll shamans (D:5)
  4 iguanas
  10 orc wizards
  A killer bee zombie (D:6)
  4 hound skeletons (D:5)
  A howler monkey zombie (D:5)
  11 gnolls (D:5)
  8 adders
  A white imp (D:7)
  An adder skeleton (D:4)
  A worm (D:3)
  3 dart slugs
  30 orcs
  3 bats
  6 endoplasms
  2 giant cockroaches
  4 goblins
  11 hobgoblins
  6 jackals
  4 quokkas
  5 ball pythons
  3 frilled lizards (D:1)
  11 kobolds
  8 rats
215 creatures vanquished.

Notes
Turn   | Place    | Note
-------+----------+-------------------------------------------
     0 | D:1      | siradein the Draconian Earth Elementalist began the quest
                  | for the Orb.
     0 | D:1      | Reached XP level 1. HP: 14/14 MP: 3/3
   219 | D:1      | Reached XP level 2. HP: 19/20 MP: 3/5
  1649 | D:2      | Reached XP level 3. HP: 25/26 MP: 3/6
  2321 | D:2      | Found a faded altar of an unknown god.
  2560 | D:3      | Reached XP level 4. HP: 33/33 MP: 3/7
  2885 | D:3      | Found a sparkling altar of Nemelex Xobeh.
  3062 | D:3      | Learned a level 2 spell: Passwall
  3066 | D:3      | Learned a level 3 spell: Stone Arrow
  3198 | D:3      | Found a snail-covered altar of Cheibriados.
  4177 | D:4      | Reached XP level 5. HP: 38/38 MP: 9/9
  4327 | D:4      | Reached skill level 1 in Conjurations
  4619 | D:4      | Found an iron altar of Okawaru.
  4622 | D:4      | Found an ancient bone altar of Kikubaaqudgha.
  4623 | D:4      | Found a white marble altar of Elyvilon.
  4624 | D:4      | Found a basalt altar of Yredelemnul.
  4711 | D:4      | Learned a level 4 spell: Petrify
  5122 | D:5      | Entered Level 5 of the Dungeon
  5141 | D:5      | Reached skill level 4 in Earth Magic
  5605 | D:5      | Reached XP level 6. HP: 41/45 MP: 10/10
  5824 | D:5      | Found a hide-covered altar of Uskayaw.
  6128 | D:5      | Your scales start taking on a lurid green colour.
  6128 | D:5      | Reached XP level 7. HP: 46/50 MP: 12/12
  6128 | D:5      | Gained mutation: Your system is resistant to poisons.
                  | (rPois) [Green Draconian growth]
  6191 | D:5      | Found a stormy altar of Qazlal.
  6304 | D:5      | Found a glowing golden altar of the Shining One.
  6673 | D:5      | Found a radiant altar of Vehumet.
  6711 | D:5      | Reached skill level 5 in Earth Magic
  6831 | D:6      | Noticed Maggie
  6839 | D:6      | Killed Maggie
  6840 | D:6      | Reached XP level 8. HP: 57/57 MP: 1/14
  7180 | D:6      | Found a staircase to the Ecumenical Temple.
  7194 | Temple   | Entered the Ecumenical Temple
  7395 | D:6      | Found Hetuep's Book Boutique.
  7395 | D:6      | Found Pepn's Antique Armour Shop.
  7427 | D:6      | Found Unimut's Armour Shop.
  7430 | D:6      | Bought an embroidered hat for 189 gold pieces
  7448 | D:6      | Found a shadowy altar of Dithmenos.
  7576 | D:6      | Reached skill level 5 in Transmutations
  7712 | D:6      | Noticed Edmund
  7721 | D:6      | Killed Edmund
  7722 | D:6      | Reached skill level 5 in Spellcasting
  7817 | D:6      | Noticed Grinder
  7818 | D:6      | Noticed Prince Ribbit
  7821 | D:6      | Killed Grinder
  7822 | D:6      | Reached skill level 5 in Dodging
  7822 | D:6      | Reached skill level 6 in Earth Magic
  7836 | D:6      | Reached XP level 9. HP: 62/62 MP: 5/16
  7984 | D:6      | Found Jatauxeca's Armour Shoppe.
  8197 | D:6      | Killed Prince Ribbit
  8198 | D:6      | Reached skill level 5 in Conjurations
  8872 | D:7      | Found a sacrificial altar of Ru.
  9018 | D:7      | Noticed a two-headed ogre
  9032 | D:7      | Killed a two-headed ogre
  9033 | D:7      | Reached skill level 7 in Earth Magic
  9297 | D:7      | Learned a level 9 spell: Shatter
  9409 | D:8      | Reached XP level 10. HP: 69/69 MP: 3/19
  9524 | D:8      | Found Pyzxixoiff's Book Boutique.
  9726 | D:8      | Found a broken altar of Ashenzari.
  9753 | D:8      | Noticed a two-headed ogre
  9763 | D:8      | Killed a two-headed ogre
 10849 | D:6      | Bought a +0 cloak of willpower for 172 gold pieces
 10928 | D:9      | Found a staircase to the Lair.
 11367 | D:9      | Learned a level 3 spell: Ignite Poison
 11573 | D:9      | Noticed Pikel
 11789 | D:9      | Reached skill level 1 in Poison Magic
 12216 | D:9      | Reached skill level 1 in Fire Magic
 12462 | D:9      | Killed Pikel
 12463 | D:9      | Reached skill level 1 in Shields
 12463 | D:9      | Reached skill level 8 in Earth Magic
 12932 | D:9      | Noticed a fire dragon
 13217 | D:9      | Killed from afar by a fire dragon

Illustrated notes

Levels and vault maps discovered:
D:1:      zelgadis_glass_arrival_small, layout_loops_cross
D:2:      layout_loops_ring, hellmonk_ecumenical_altar_crossroads,
          dk_noncrumbling_2
D:3:      layout_basic, nemelex_altar_shiori, slow_altar_2,
          hangedman_decor_lopped
D:4:      layout_layer_cave, minitemple, minmay_surrounded
D:5:      layout_cave_pools, mainiacjoe_overflow_large_starburst,
          nicolae_vehumet_radiance, mainiacjoe_overflow_24_doors,
          serial_gnoll_camp, gnoll_camp_medium_01, gnoll_camp_mini_hut,
          gnoll_camp_mini_doghouse, gnoll_camp_mini_hut, corexii_checkpoint_a,
          amcnicky_mini_rare_corridor_liquid
D:6:      layout_basic, general_overflow_altar,
          minmay_temple_entry_antechambers, serial_shops,
          nicolae_shop_window_shopping, shop, nicolae_stop_n_shop_2, shop,
          uniq_maggie, uniq_prince_ribbit1, uniq_edmund, uniq_grinder
D:7:      layout_loops_cross, mainiacjoe_overflow_alcove_1
D:8:      nicolae_cairo_tiling_large_dashed, layout_gridville,
          mainiacjoe_overflow_surrounded_room, nicolae_inconvenience_store
D:9:      dragon1_lemuel, layout_cave_pods, lair_entry_dummy,
          minmay_joined_circles, uniq_pikel
Temple:   corrupted_temple

Skill      XL: |  1  2  3  4  5  6  7  8  9 10 |
---------------+-------------------------------+-----
Stealth        | 2 |  2.0
Dodging        | 2 3 4 5 6 7 |  7.0
Transmutations | 2 3 4 5 6 7 |  7.4
Spellcasting   | 3 4 5 6 7 |  7.1
Conjurations   | 1 2 3 4 6 7 |  7.1
Earth Magic    | 4 5 6 7 8 |  8.0
Poison Magic   | 2 |  2.0
Fire Magic     | 1 |  1.6
Shields        | 1 |  1.5

Action                   |  1- 3 |  4- 6 |  7- 9 | 10-12 || total
-------------------------+-------+-------+-------+-------++-------
Melee: Unarmed           |    11 |       |       |       ||    11
       Short sword       |    41 |       |       |       ||    41
       Tailslap          |     5 |    19 |    23 |     7 ||    54
       Spear             |    59 |   170 |   225 |    90 ||   544
       Morningstar       |       |    23 |       |       ||    23
 Cast: Sandblast         |    25 |    11 |       |     2 ||    38
       Stone Arrow       |       |       |    54 |    78 ||   132
       Ignite Poison     |       |       |       |     2 ||     2
 Abil: Breathe Noxious F |       |       |    22 |    21 ||    43
  Use: Scroll            |       |       |       |     9 ||     9
 Stab: Sleeping          |     5 |     4 |     4 |     1 ||    14
       Confused          |       |       |     5 |       ||     5
       Distracted        |       |       |     1 |       ||     1
Armor: Skin              |    34 |    64 |    89 |    41 ||   228
Dodge: Dodged            |    69 |   118 |   180 |    77 ||   444
Block: Kite shield       |       |       |       |     5 ||     5

Table legend: (Time is in decaauts)
 A = Elapsed time spent in this place.
 B = Non-inter-level travel time spent in this place.
 C = Inter-level travel time spent in this place.
 D = Time resting spent in this place.
 E = Time spent auto-exploring this place.
 F = Levels seen in this place.
 G = Mean time per level.
                   A        B        C        D        E       F      G
               +--------+--------+--------+--------+--------+-----+--------+
         Total |  13305 |  13012 |    293 |    796 |   9223 |  10 | 1330.5 |
       Dungeon |  13263 |  12970 |    293 |    796 |   9202 |   9 | 1473.7 |
        Temple |     41 |     41 |      0 |      0 |     21 |   1 |   41.0 |
               +--------+--------+--------+--------+--------+-----+--------+

Top non-repeatable levels by time:
     D:4: 2142 daAuts
     D:9: 2124 daAuts
     D:8: 1738 daAuts
     D:6: 1551 daAuts
     D:2: 1310 daAuts
     D:3: 1153 daAuts
     D:5: 1133 daAuts
     D:1: 1096 daAuts
     D:7: 1014 daAuts
  Temple: 41 daAuts
